AoeStats
← chewie1706

MegaRandom

510327945Analyzed
3v3 RM · 1d ago on Sep 30, 2026· 43m 44s· 6 players
Game mode
Random Map
Map size
Normal (6 player)
Population
200
Speed
Normal
Resources
Standard
Victory
Conquest
Starting age
Dark Age
Ending age
Imperial Age
RankedLock teamsTeams togetherTeam positionsShared explorationLock speedFull tech treeHidden civsTurbo modeCheats
Victory
Defeat
🇫🇷 Mongols · France
1718
+7
🇫🇷 Varangians · France
1687
+8
🇫🇷 Mongols · France
1538
+12
🇨🇿 Magyars · Czechia
1546
-12
🇨🇳 Spanish · China
1461
-8
🇧🇷 Britons · Brazil
1428
-7
Vhl.FalconKing
6:31 Loom
9:23 Feudal Age
14:40 Fletching
23:03 Castle Age
21:20 Double-Bit Axe
21:39 Horse Collar
22:31 Padded Archer Armor
23:07 Crossbowman
25:37 Bodkin Arrow
28:36 Ballistics
30:46 Bow Saw
30:39 Heavy Plow
32:36 Leather Archer Armor
40:05 Imperial Age
无助小羊
0:57 Loom
10:20 Feudal Age
14:15 Castle Age
13:10 Stone Mining
13:09 Double-Bit Axe
21:23 Wheelbarrow
23:31 Husbandry
26:20 Hand Cart
27:56 Padded Archer Armor
28:07 Bloodlines
29:55 Leather Archer Armor
29:45 Gold Mining
33:03 Town Watch
41:10 Imperial Age
41:13 Elite Conquistador
42:43 Ring Archer Armor
Joseph90
1:07 Loom
12:05 Feudal Age
13:29 Double-Bit Axe
15:51 Castle Age
15:04 Bloodlines
17:04 Bow Saw
17:47 Horse Collar
24:34 Heavy Plow
25:22 Wheelbarrow
25:41 Scale Barding Armor
27:51 Stone Mining
28:56 Chain Barding Armor
28:45 Gold Mining
29:52 Hand Cart
29:22 Town Watch
30:14 Corvinian Army
30:28 Husbandry
30:41 Fletching
31:53 Bodkin Arrow
32:17 Padded Archer Armor
33:18 Gold Shaft Mining
36:30 Imperial Age
34:54 Ballistics
36:28 Leather Archer Armor
36:44 Elite Magyar Huszar
37:47 Conscription
37:30 Bracer
38:09 Plate Barding Armor
38:49 Bracer
40:08 Parthian Tactics
40:25 Thumb Ring
40:14 Heavy Cavalry Archer
44:54 Chemistry
43:58 Recurve Bow
chewie1706
9:01 Loom
10:46 Feudal Age
13:05 Double-Bit Axe
13:18 Horse Collar
15:46 Castle Age
15:24 Town Watch
15:33 Fletching
16:52 Bodkin Arrow
19:00 Padded Archer Armor
24:05 Ballistics
27:51 Leather Archer Armor
28:15 Wheelbarrow
28:51 Stone Mining
33:51 Imperial Age
32:44 Gold Mining
33:22 Thumb Ring
33:20 Husbandry
33:31 Bloodlines
34:34 Bracer
35:55 Chemistry
36:08 Elite Mangudai
37:36 Conscription
38:45 Stone Shaft Mining
38:46 Gold Shaft Mining
39:02 Parthian Tactics
39:57 Bow Saw
42:02 Masonry
43:05 Drill
43:54 Siege Engineers
43:11 Capped Ram
AGS.BlackKnight
9:52 Feudal Age
8:09 Loom
15:20 Castle Age
13:22 Horse Collar
14:20 Double-Bit Axe
18:38 Wheelbarrow
24:59 Scale Barding Armor
25:05 Forging
24:49 Town Watch
26:00 Chain Barding Armor
26:30 Gold Mining
27:08 Bloodlines
27:11 Husbandry
29:18 Stone Mining
32:25 Imperial Age
29:31 Vendel Legacy
30:53 Hand Cart
31:45 Iron Casting
33:11 Heavy Plow
33:56 Plate Barding Armor
32:43 Cavalier
36:19 Blast Furnace
35:41 Town Patrol
36:43 Conscription
38:30 Fletching
39:10 Bow Saw
39:33 Crop Rotation
39:52 Bodkin Arrow
40:45 Stone Shaft Mining
40:41 Guilds
43:41 Two-Man Saw
44:03 Bracer
44:14 Siege Engineers
44:30 Ballistics
45:18 Chemistry
AGS.Eratuss
2:15 Loom
7:09 Loom
10:09 Feudal Age
12:07 Double-Bit Axe
14:37 Castle Age
12:22 Horse Collar
13:29 Stone Mining
18:01 Town Watch
21:16 Bow Saw
22:58 Fletching
25:16 Bodkin Arrow
25:59 Padded Archer Armor
26:36 Ballistics
27:39 Wheelbarrow
27:56 Husbandry
28:06 Bloodlines
28:05 Gold Mining
29:40 Stone Shaft Mining
29:17 Heavy Plow
29:43 Leather Archer Armor
30:20 Hand Cart
31:19 Gold Shaft Mining
35:08 Imperial Age
34:07 Thumb Ring
35:08 Elite Mangudai
35:58 Bracer
37:11 Chemistry
37:57 Parthian Tactics
40:05 Conscription
40:31 Masonry
42:22 Siege Engineers
Connection lost

Rejoining the realm…

Still unreachable

The connection could not be restored.

Session expired

The server has moved on; the page needs a fresh start.